 Dungeon Crawl Stone Soup version 0.30.1-4-g462c640d31 (webtiles) character file.

Game seed: 6706336729295639995

11 Kazma the Ruffian (level 2, 25/25 HPs)
             Began as a Ghoul Gladiator on May 20, 2023.
             Quit the game on level 1 of the Dungeon on Sept 3, 2023.
             The game lasted 00:06:41 (171 turns).

Kazma the Ruffian (Ghoul Gladiator)                  Turns: 171, Time: 00:06:41

Health: 25/25      AC:  4    Str: 17    XL:     2   Next: 29%
Magic:  1/1        EV: 12    Int:  3    God:
Gold:   16         SH:  0    Dex: 10    Spells: 1/1 levels left

rFire   . .          .
                       - Unarmed
rCold   + . .        (no shield)
rNeg    + + +        a - +0 leather armour
rPois   ∞            b - +0 helmet
rElec   .            (no cloak)
rCorr   .            (no gloves)
SInv    .            (no boots)
Will    .....        (no amulet)
Stlth   +            (no ring)
HPRegen 0.24/turn    (no ring)
MPRegen 0.07/turn

%: no passive effects
@: no status effects
A: claws 1, cold resistance 1, negative energy resistance 3, inhibited
regeneration, torment resistance 2, devour on kill
a: no special abilities


You were on level 1 of the Dungeon.
You visited 1 branch of the dungeon, and saw 1 of its levels.

You collected 16 gold pieces.

Inventory:

Hand Weapons
 e - a +1 dagger of draining
 f - a +0 dagger
 g - a +0 whip
 h - a +0 mace
Missiles
 c - 3 throwing nets (quivered)
 d - a javelin
Armour
 a - a +0 leather armour (worn)
 b - a +0 helmet (worn)
Scrolls
 i - a scroll of fog {unknown}


   Skills:
 + Level 2.4 Fighting
 + Level 1.8 Throwing
 + Level 2.9 Dodging
 + Level 3.6 Unarmed Combat


You had one spell level left.
You didn't know any spells.
Your spell library was empty.

Dungeon Overview and Level Annotations

Branches:
Dungeon (1/15)

Altars:


Innate Abilities, Weirdness & Mutations

You are immune to poison.
You have sharp fingernails.
Your flesh is cold resistant. (rC+)
You are immune to negative energy. (rN+++)
You do not regenerate when monsters are visible.
You are immune to unholy pain and torment.
You thrive by killing the living.


Message History

You scratch the quokka but do no damage.
Your claw misses the quokka.
The quokka is severely wounded.
The quokka barely misses you.
You barely miss the quokka.
The quokka is severely wounded.
The quokka misses you.
You miss the quokka.
The quokka is severely wounded.
The quokka bites you.
You scratch the quokka.
You kill the quokka!
The bat closely misses you. The bat hits you but does no damage.
You barely miss the bat. The bat barely misses you.
The bat hits you but does no damage.
You closely miss the bat. The bat barely misses you.
You scratch the bat.
You kill the bat!
You feel better.
You see here a bat corpse.
You see here a bat corpse.
You now have 6 gold pieces.
You see here a bat corpse.
You see here a bat corpse.
Things that are here:
a +0 whip; a rat corpse You now have 16 gold pieces (gained 10).
Things that are here:
a +0 whip; a rat corpse
g - a +0 whip You see here a rat corpse.
You see here a +0 mace.
h - a +0 mace
Found a stone staircase leading down.
i - a scroll labelled XYCIGOECVOJ Welcome back, Kazma the Ghoul Gladiator.
Press ? for a list of commands and other information.
Unknown command.
Unknown command.
Are you sure you want to abandon this character and quit the game? (Confirm with "yes".)

#.# #.# #.# #.#
##.## #...# #...#
### #.@.# ...
#####...##.##
.#.#...........##
..>................
#..#.#...........#.
#.. #####...##....
... #...# ###.
######.# #...#
.....#.# #...#


There were no monsters in sight!

Vanquished Creatures
  2 bats (D:1)
  An endoplasm (D:1)
  2 goblins (D:1)
  A hobgoblin (D:1)
  2 quokkas (D:1)
  2 rats (D:1)
10 creatures vanquished.

Notes
Turn   | Place    | Note
-------+----------+-------------------------------------------
     0 | D:1      | Kazma the Ghoul Gladiator began the quest for the Orb.
     0 | D:1      | Reached XP level 1. HP: 17/17 MP: 0/0
    18 | D:1      | Upgraded the game from 0.30.0-16-gbe6223bb7e to
                  | 0.30.1-4-g462c640d31
   122 | D:1      | Reached XP level 2. HP: 22/25 MP: 1/1
   171 | D:1      | Quit the game

Illustrated notes

Levels and vault maps discovered:
D:1:      wander_arrival_fairy_ring, layout_loops_cross

Action                     || total
---------------------------++-------
  Melee: Unarmed           ||    38
         Punch             ||     2
 Armour: Leather armour    ||    14
  Dodge: Dodged            ||    40
